TOP OF THE 1ST |
Stanford Cardinal batting - Pitching for West Virginia Mountaineers : LHP Chris Wells
|
Pitching: LHP Chris Wells
|
|
Batting: SHB Gary King
|
0-0: Ball 1-0: Foul Ball, location: 2F 1-1: Called Strike 1-2: Strikes out swinging
|
Batting: RHB Ira Martin
|
0-0: Ball 1-0: Ball 2-0: Ground out 1-3 (Groundball, 15)
|
Batting: RHB Flint Ballard
|
0-0: Swinging Strike 0-1: Ball 1-1: Foul Ball, location: 2F 1-2: Ground out U3 (Groundball, 34)
|
Top of the 1st over - 0 runs, 0 hits, 0 errors, 0 left on base; Stanford 0 - West Virginia 0 |
BOTTOM OF THE 1ST |
West Virginia Mountaineers batting - Pitching for Stanford Cardinal : RHP Oscar Clark
|
Pitching: RHP Oscar Clark
|
|
Batting: LHB Eric Chávez
|
0-0: Foul Ball, location: 2F 0-1: Called Strike 0-2: Ball 1-2: Foul Ball, location: 2F 1-2: Ball 2-2: Ball 3-2: Foul Ball, location: 2F 3-2: Ground out 6-3 (Groundball, 6D)
|
Batting: RHB Jeffery Gordon
|
0-0: SINGLE (Groundball, 6D)
|
Batting: RHB David Randall
|
0-0: Ball 1-0: Called Strike 1-1: Ball Jeffery Gordon steals 2nd base 2-1: Ball Jeffery Gordon steals 3rd base 3-1: Foul Ball, location: 2F 3-2: Foul Ball, location: 2F 3-2: Fly out, F1 (Popup, 15)
|
Batting: LHB Alden Collins
|
0-0: Ball 1-0: Called Strike 1-1: Ball 2-1: Foul Ball, location: 2F 2-2: Ball 3-2: Foul Ball, location: 2F 3-2: Strikes out swinging
|
Bottom of the 1st over - 0 runs, 1 hit, 0 errors, 1 left on base; Stanford 0 - West Virginia 0 |
TOP OF THE 2ND |
Stanford Cardinal batting - Pitching for West Virginia Mountaineers : LHP Chris Wells
|
Batting: RHB Rick McDonald
|
0-0: Ball 1-0: Swinging Strike 1-1: Ball 2-1: Swinging Strike 2-2: Ball 3-2: Base on Balls
|
Batting: SHB Rick Cochran
|
0-0: 2-RUN HOME RUN (Flyball, 7D), Distance : 357 ft
|
Batting: RHB Pete Powell
|
0-0: Called Strike 0-1: Ball 1-1: Foul Ball, location: 2F 1-2: Ball 2-2: Foul Ball, location: 2F 2-2: Ground out 6-3 (Groundball, 6)
|
Batting: RHB Bill Sanders
|
0-0: Foul Ball, location: 2F 0-1: Ball 1-1: Called Strike 1-2: SINGLE (Groundball, 6MS) (infield hit)
|
Batting: LHB David Hebert
|
0-0: Ball 1-0: Ball 2-0: Ball 3-0: Base on Balls Bill Sanders to second
|
Batting: LHB José Trindade
|
0-0: SINGLE (Line Drive, 34) Bill Sanders to third David Hebert to second Runner from 3rd tries for Home, SAFE, no throw
|
Batting: SHB Gary King
|
0-0: Ball 1-0: Ball 2-0: Ball 3-0: Base on Balls David Hebert to third José Trindade to second
|
Batting: RHB Ira Martin
|
0-0: Called Strike 0-1: Ball 1-1: Ball 2-1: Foul Ball, location: 2F 2-2: Foul Ball, location: 2F 2-2: Ball 3-2: Foul Ball, location: 2F 3-2: GRAND SLAM HOME RUN (Flyball, 7LD), Distance : 340 ft
|
Batting: RHB Flint Ballard
|
0-0: Ball 1-0: Called Strike 1-1: Fly out, F9 (Flyball, 9S)
|
Batting: RHB Rick McDonald
|
0-0: Ball 1-0: Ball 2-0: Ball 3-0: Base on Balls
|
Batting: SHB Rick Cochran
|
0-0: Called Strike 0-1: Fly out, F3 (Popup, 34)
|
Top of the 2nd over - 7 runs, 4 hits, 0 errors, 1 left on base; Stanford 7 - West Virginia 0 |
BOTTOM OF THE 2ND |
West Virginia Mountaineers batting - Pitching for Stanford Cardinal : RHP Oscar Clark
|
Batting: LHB José Galindo
|
0-0: Ball 1-0: Ball 2-0: Foul Ball, location: 2F 2-1: Foul Ball, location: 2F 2-2: Foul Ball, location: 2F 2-2: Ball 3-2: Foul Ball, location: 2F 3-2: Ground out 4-3 (Groundball, 4)
|
Batting: RHB Chris Smith
|
0-0: Foul Ball, location: 2F 0-1: Ball 1-1: Ball 2-1: Ball 3-1: SINGLE (Groundball, 4MD)
|
Batting: RHB Jeffrey Dunbar
|
0-0: Grounds into double play, 6-4-3 (Groundball, 56D)
|
Bottom of the 2nd over - 0 runs, 1 hit, 0 errors, 0 left on base; Stanford 7 - West Virginia 0 |
TOP OF THE 3RD |
Stanford Cardinal batting - Pitching for West Virginia Mountaineers : LHP Chris Wells
|
Batting: RHB Pete Powell
|
0-0: Ball 1-0: Foul Ball, location: 2F 1-1: Foul Ball, location: 2F 1-2: Strikes out swinging
|
Batting: RHB Bill Sanders
|
0-0: Ball 1-0: Ball 2-0: Ball 3-0: Called Strike 3-1: Base on Balls
|
Batting: LHB David Hebert
|
0-0: Called Strike 0-1: Foul Ball, location: 2F 0-2: Ball 1-2: Strikes out swinging
|
Batting: LHB José Trindade
|
0-0: Fly out, F8 (Flyball, 89D)
|
Top of the 3rd over - 0 runs, 0 hits, 0 errors, 1 left on base; Stanford 7 - West Virginia 0 |
BOTTOM OF THE 3RD |
West Virginia Mountaineers batting - Pitching for Stanford Cardinal : RHP Oscar Clark
|
Batting: RHB Pancho Rodríguez
|
0-0: Ball 1-0: Swinging Strike 1-1: Ball 2-1: Ball 3-1: Base on Balls
|
Batting: RHB George Williamson
|
0-0: Called Strike 0-1: Called Strike 0-2: Ball 1-2: Strikes out swinging Pancho Rodríguez steals 2nd base Batter strikes out.
|
Batting: LHB Eric Chávez
|
0-0: Foul Ball, location: 2F 0-1: Ball 1-1: Ball 2-1: Foul Ball, location: 2F 2-2: Ball 3-2: Base on Balls
|
Batting: RHB Jeffery Gordon
|
0-0: Ball Pancho Rodríguez steals 3rd base Eric Chávez to second 1-0: Foul Ball, location: 2F 1-1: Ball 2-1: Ball 3-1: Foul Ball, location: 2F 3-2: Base on Balls
|
Batting: RHB David Randall
|
0-0: Ball 1-0: Ball 2-0: Foul Ball, location: 2F 2-1: Swinging Strike 2-2: Foul Ball, location: 2F 2-2: Ball 3-2: Strikes out looking
|
Batting: LHB Alden Collins
|
0-0: SINGLE (Flyball, 9S) Pancho Rodríguez scores Eric Chávez to third Jeffery Gordon to second Runner from 3rd tries for Home, SAFE, no throw
|
Batting: LHB José Galindo
|
0-0: Called Strike 0-1: Ball 1-1: SINGLE (Line Drive, 7) Jeffery Gordon to third Alden Collins to second Runner from 3rd tries for Home, SAFE, throw made home
|
Batting: RHB Chris Smith
|
0-0: Called Strike 0-1: Ball 1-1: Ball 2-1: Ball 3-1: Called Strike 3-2: Base on Balls Alden Collins to third José Galindo to second
|
Batting: RHB Jeffrey Dunbar
|
0-0: Ball 1-0: Foul Ball, location: 2F 1-1: Foul Ball, location: 2F 1-2: Foul Ball, location: 2F 1-2: Ball 2-2: Strikes out swinging
|
Bottom of the 3rd over - 3 runs, 2 hits, 0 errors, 3 left on base; Stanford 7 - West Virginia 3 |
TOP OF THE 4TH |
Stanford Cardinal batting - Pitching for West Virginia Mountaineers : LHP Chris Wells
|
Batting: SHB Gary King
|
0-0: Ball 1-0: Swinging Strike 1-1: Called Strike 1-2: Strikes out swinging
|
Batting: RHB Ira Martin
|
0-0: Ball 1-0: Foul Ball, location: 2F 1-1: Foul Ball, location: 2F 1-2: Ball 2-2: Foul Ball, location: 2F 2-2: DOUBLE (Line Drive, 9D)
|
Pitching: RHP Dave Young
|
|
Batting: RHB Flint Ballard
|
0-0: Called Strike 0-1: Ball 1-1: Ball 2-1: Ball 3-1: Base on Balls
|
Batting: RHB Rick McDonald
|
0-0: Ball 1-0: Foul Ball, location: 2F 1-1: Fielders Choice at 2nd, 1-6 (Groundball, P) Ira Martin to third
|
Batting: SHB Rick Cochran
|
0-0: Called Strike 0-1: Ball 1-1: Fly out, F6 (Line Drive, 6)
|
Top of the 4th over - 0 runs, 1 hit, 0 errors, 2 left on base; Stanford 7 - West Virginia 3 |
BOTTOM OF THE 4TH |
West Virginia Mountaineers batting - Pitching for Stanford Cardinal : RHP Oscar Clark
|
Pitching: LHP Patrice Galipeau
|
|
Batting: RHB Pancho Rodríguez
|
0-0: Ball 1-0: Ball 2-0: Called Strike 2-1: Swinging Strike 2-2: Strikes out looking
|
Batting: RHB George Williamson
|
0-0: Ball 1-0: Ball 2-0: Foul Ball, location: 2F 2-1: Ball 3-1: Called Strike 3-2: DOUBLE (Flyball, 78D)
|
Batting: LHB Eric Chávez
|
0-0: Ball George Williamson steals 3rd base 1-0: Called Strike 1-1: Ground out 6-3 (Groundball, 6) George Williamson scores
|
Batting: RHB Jeffery Gordon
|
0-0: Ground out 3-1 (Groundball, 34S)
|
Bottom of the 4th over - 1 run, 1 hit, 0 errors, 0 left on base; Stanford 7 - West Virginia 4 |
TOP OF THE 5TH |
Stanford Cardinal batting - Pitching for West Virginia Mountaineers : RHP Dave Young
|
Batting: RHB Pete Powell
|
0-0: SOLO HOME RUN (Flyball, 9D), Distance : 357 ft
|
Batting: RHB Bill Sanders
|
0-0: Called Strike 0-1: Ball 1-1: SINGLE (Groundball, 6MD)
|
Batting: LHB David Hebert
|
0-0: Ball 1-0: Called Strike 1-1: SINGLE (Groundball, 4MD) Bill Sanders to second
|
Batting: LHB José Trindade
|
0-0: Called Strike 0-1: Ball 1-1: Ball 2-1: Foul Ball, location: 2F 2-2: Foul Ball, location: 2F 2-2: Strikes out swinging
|
Batting: SHB Gary King
|
0-0: Ball 1-0: Ball 2-0: Called Strike 2-1: Foul Ball, location: 2F 2-2: Ball 3-2: Base on Balls Bill Sanders to third David Hebert to second
|
Batting: RHB Ira Martin
|
0-0: Foul Ball, location: 2F 0-1: Ball 1-1: Foul Ball, location: 2F 1-2: Foul Ball, location: 2F 1-2: Ball 2-2: Ball 3-2: Base on Balls Bill Sanders scores David Hebert to third Gary King to second
|
Batting: RHB Flint Ballard
|
0-0: Called Strike 0-1: Ball 1-1: Ball 2-1: SINGLE (Groundball, 56) (infield hit) David Hebert scores Gary King to third Ira Martin to second
|
Pitching: RHP Charles Miller
|
|
Batting: RHB Rick McDonald
|
0-0: Called Strike 0-1: Foul Ball, location: 2F 0-2: Ball 1-2: Foul Ball, location: 2F 1-2: Ball 2-2: Foul Ball, location: 2F 2-2: Ball 3-2: Ground out 3-1 (Groundball, 34S) Gary King scores Ira Martin to third Flint Ballard to second
|
Batting: SHB Rick Cochran
|
0-0: Ball 1-0: Swinging Strike 1-1: Swinging Strike 1-2: Strikes out looking
|
Top of the 5th over - 4 runs, 4 hits, 0 errors, 2 left on base; Stanford 11 - West Virginia 4 |
BOTTOM OF THE 5TH |
West Virginia Mountaineers batting - Pitching for Stanford Cardinal : LHP Patrice Galipeau
|
Batting: RHB David Randall
|
0-0: Foul Ball, location: 2F 0-1: Foul Ball, location: 2F 0-2: Strikes out swinging
|
Batting: LHB Alden Collins
|
0-0: Ball 1-0: Ball 2-0: Ball 3-0: Called Strike 3-1: Base on Balls
|
Batting: LHB José Galindo
|
0-0: SINGLE (Groundball, 56D) Alden Collins to second
|
Batting: RHB Chris Smith
|
0-0: Ball 1-0: Ball 2-0: Ground out 5-3 (Groundball, 56S) Alden Collins to third José Galindo to second
|
Batting: RHB Jeffrey Dunbar
|
0-0: Ball 1-0: Foul Ball, location: 2F 1-1: Ball 2-1: SINGLE (Line Drive, 4) (infield hit) Alden Collins scores José Galindo to third
|
Batting: RHB Pancho Rodríguez
|
0-0: Called Strike 0-1: Ball 1-1: Foul Ball, location: 2F 1-2: DOUBLE (Line Drive, 9LM) José Galindo scores Jeffrey Dunbar to third Runner from 3rd tries for Home, SAFE, no throw
|
Pitching: RHP John Bascombe
|
|
Batting: RHB George Williamson
|
0-0: Foul Ball, location: 2F 0-1: SINGLE (Flyball, 8RS) Pancho Rodríguez to third Runner from 3rd tries for Home, SAFE, no throw
|
Batting: LHB Eric Chávez
|
0-0: Ball George Williamson is caught stealing 2nd base
|
Bottom of the 5th over - 4 runs, 4 hits, 0 errors, 0 left on base; Stanford 11 - West Virginia 8 |
TOP OF THE 6TH |
Stanford Cardinal batting - Pitching for West Virginia Mountaineers : RHP Charles Miller
|
Batting: RHB Pete Powell
|
0-0: Ball 1-0: SINGLE (Groundball, 56S) (infield hit)
|
Batting: RHB Bill Sanders
|
0-0: Ball 1-0: Ball 2-0: Ball 3-0: Called Strike 3-1: Base on Balls Pete Powell to second
|
Batting: LHB David Hebert
|
0-0: Foul Ball, location: 2F 0-1: Foul Ball, location: 2F 0-2: Foul Ball, location: 2F 0-2: Foul Ball, location: 2F 0-2: Ball 1-2: Ball 2-2: Strikes out swinging
|
Batting: LHB José Trindade
|
0-0: Ball 1-0: Fly out, F6 (Line Drive, 6)
|
Batting: SHB Gary King
|
0-0: Ground out 4-3 (Groundball, 4)
|
Top of the 6th over - 0 runs, 1 hit, 0 errors, 2 left on base; Stanford 11 - West Virginia 8 |
BOTTOM OF THE 6TH |
West Virginia Mountaineers batting - Pitching for Stanford Cardinal : RHP John Bascombe
|
Batting: LHB Eric Chávez
|
0-0: Ball 1-0: Called Strike 1-1: Fly out, F9 (Line Drive, 9)
|
Batting: RHB Jeffery Gordon
|
0-0: Ball 1-0: Called Strike 1-1: Ball 2-1: Ball 3-1: Base on Balls
|
Batting: RHB David Randall
|
0-0: Ball Jeffery Gordon steals 2nd base 1-0: Foul Ball, location: 2F 1-1: Called Strike 1-2: Strikes out swinging
|
Batting: LHB Alden Collins
|
0-0: Ball 1-0: Fly out, F7 (Line Drive, 78S)
|
Bottom of the 6th over - 0 runs, 0 hits, 0 errors, 1 left on base; Stanford 11 - West Virginia 8 |
TOP OF THE 7TH |
Stanford Cardinal batting - Pitching for West Virginia Mountaineers : RHP Charles Miller
|
Batting: RHB Ira Martin
|
0-0: Reached on error, E3 (Groundball, 34S)
|
Batting: RHB Flint Ballard
|
0-0: Called Strike 0-1: Ball 1-1: Ball 2-1: Called Strike 2-2: Fly out, F6 (Popup, 6MS)
|
Batting: RHB Rick McDonald
|
0-0: Foul Ball, location: 2F 0-1: Grounds into double play, 1-6-3 (Groundball, 13S)
|
Top of the 7th over - 0 runs, 0 hits, 1 error, 0 left on base; Stanford 11 - West Virginia 8 |
BOTTOM OF THE 7TH |
West Virginia Mountaineers batting - Pitching for Stanford Cardinal : RHP John Bascombe
|
Now in LF: Brandon Napoleon
|
|
Batting: LHB José Galindo
|
0-0: Ball 1-0: Ball 2-0: Foul Ball, location: 2F 2-1: SINGLE (Groundball, 34) (infield hit)
|
Batting: RHB Chris Smith
|
0-0: Fly out, F8 (Flyball, 8LM)
|
Batting: RHB Jeffrey Dunbar
|
0-0: Ball 1-0: Ball 2-0: Ball 3-0: Base on Balls José Galindo to second
|
Batting: RHB Pancho Rodríguez
|
0-0: Ball 1-0: Called Strike 1-1: Swinging Strike 1-2: Foul Ball, location: 2F 1-2: Fielders Choice at 2nd, 4-6 (Groundball, 4) José Galindo to third
|
Batting: RHB George Williamson
|
0-0: SINGLE (Groundball, 6) (infield hit) José Galindo scores Pancho Rodríguez to second
|
Pitching: LHP Pedro Infante
|
|
Batting: LHB Eric Chávez
|
0-0: Foul Ball, location: 2F 0-1: Ball 1-1: Swinging Strike 1-2: Foul Ball, location: 2F 1-2: Ball 2-2: Ball 3-2: Foul Ball, location: 2F 3-2: Foul Ball, location: 2F 3-2: Base on Balls Pancho Rodríguez to third George Williamson to second
|
Pitching: LHP Dave Anslow
|
|
Batting: RHB Jeffery Gordon
|
0-0: Ball 1-0: Swinging Strike 1-1: Called Strike 1-2: Fly out, F9 (Flyball, 9D)
|
Bottom of the 7th over - 1 run, 2 hits, 0 errors, 3 left on base; Stanford 11 - West Virginia 9 |
TOP OF THE 8TH |
Stanford Cardinal batting - Pitching for West Virginia Mountaineers : RHP Charles Miller
|
Batting: SHB Rick Cochran
|
0-0: Swinging Strike 0-1: Ball 1-1: Swinging Strike 1-2: Foul Ball, location: 2F 1-2: Strikes out swinging
|
Batting: RHB Pete Powell
|
0-0: Ball 1-0: Foul Ball, location: 2F 1-1: Ball 2-1: Foul Ball, location: 2F 2-2: Ball 3-2: Foul Ball, location: 2F 3-2: Foul Ball, location: 2F 3-2: Base on Balls
|
Batting: RHB Bill Sanders
|
0-0: Called Strike 0-1: Ball 1-1: Ball 2-1: Ball 3-1: SINGLE (Groundball, 4D) Pete Powell to second Runner from 2nd tries for 3rd, SAFE, throw made to third
|
Pitching: LHP John Hart
|
|
Batting: LHB Brandon Napoleon
|
0-0: Called Strike 0-1: Foul Ball, location: 2F 0-2: Ball 1-2: Strikes out swinging
|
Batting: LHB José Trindade
|
0-0: Called Strike 0-1: Ball 1-1: Ball 2-1: Called Strike 2-2: Ball 3-2: Foul Ball, location: 2F 3-2: SINGLE (Groundball, 56D) Pete Powell scores Bill Sanders to second Bill Sanders to third
|
Pitching: RHP Cam Burns
|
|
Batting: SHB Gary King
|
0-0: Ball 1-0: Ball 2-0: Called Strike 2-1: Ball 3-1: SINGLE (Groundball, 4MD) Bill Sanders scores José Trindade to second
|
Batting: RHB Ira Martin
|
0-0: Called Strike 0-1: Swinging Strike 0-2: Ball 1-2: Strikes out swinging
|
Top of the 8th over - 2 runs, 3 hits, 0 errors, 2 left on base; Stanford 13 - West Virginia 9 |
BOTTOM OF THE 8TH |
West Virginia Mountaineers batting - Pitching for Stanford Cardinal : LHP Dave Anslow
|
Batting: RHB David Randall
|
0-0: Ground out U3 (Groundball, 3L)
|
Batting: LHB Alden Collins
|
0-0: Called Strike 0-1: Ball 1-1: Ball 2-1: Ball 3-1: Base on Balls
|
Batting: LHB José Galindo
|
0-0: Swinging Strike 0-1: Fly out, F9 (Flyball, 89D)
|
Batting: RHB Chris Smith
|
0-0: Called Strike 0-1: Swinging Strike 0-2: Foul Ball, location: 2F 0-2: Strikes out swinging
|
Bottom of the 8th over - 0 runs, 0 hits, 0 errors, 1 left on base; Stanford 13 - West Virginia 9 |
TOP OF THE 9TH |
Stanford Cardinal batting - Pitching for West Virginia Mountaineers : RHP Cam Burns
|
Pitching: RHP Jorge González
|
|
Batting: RHB Flint Ballard
|
0-0: Ball 1-0: Swinging Strike 1-1: Called Strike 1-2: Foul Ball, location: 2F 1-2: Ball 2-2: Ball 3-2: Base on Balls
|
Batting: RHB Rick McDonald
|
0-0: Ball 1-0: Ball 2-0: SINGLE (Groundball, 3D) Flint Ballard to second Runner from 2nd tries for 3rd, SAFE, no throw
|
Batting: SHB Rick Cochran
|
0-0: Ball 1-0: Fly out, F7 (Flyball, 7S)
|
Batting: RHB Pete Powell
|
0-0: Called Strike 0-1: Ball 1-1: Ball 2-1: Ball 3-1: Fly out, F8 (Flyball, 8LD) Runner from 3rd tags up, SCORES, throw made
|
Batting: RHB Bill Sanders
|
0-0: Called Strike 0-1: Ball 1-1: Ball 2-1: Swinging Strike 2-2: Foul Ball, location: 2F 2-2: Strikes out swinging
|
Top of the 9th over - 1 run, 1 hit, 0 errors, 1 left on base; Stanford 14 - West Virginia 9 |
BOTTOM OF THE 9TH |
West Virginia Mountaineers batting - Pitching for Stanford Cardinal : LHP Dave Anslow
|
Batting: RHB Jeffrey Dunbar
|
0-0: Foul Ball, location: 2F 0-1: Ball 1-1: Called Strike 1-2: Ball 2-2: Foul Ball, location: 2F 2-2: Ground out 3-1 (Groundball, 34)
|
Batting: RHB Pancho Rodríguez
|
0-0: Ball 1-0: Ground out 6-3 (Groundball, 6MS)
|
Batting: RHB George Williamson
|
0-0: Called Strike 0-1: Foul Ball, location: 2F 0-2: TRIPLE (Flyball, 89XD)
|
Batting: LHB Eric Chávez
|
0-0: Foul Ball, location: 2F 0-1: Ground out 1-3 (Groundball, P)
|
Bottom of the 9th over - 0 runs, 1 hit, 0 errors, 1 left on base; Stanford 14 - West Virginia 9 |
|